 Dungeon Crawl Stone Soup version 0.29-a0-337-g68df138881 (webtiles) character file.

Game seed: 4562862295922995743

38 Agony the Shield-Bearer (level 3, -2/33 HPs)
             Began as a Minotaur Fighter on Apr 16, 2022.
             Slain by Crazy Yiuf
             ... wielding a +3 quarterstaff of chaos
              (3 damage)
             ... on level 2 of the Dungeon.
             The game lasted 00:06:01 (1268 turns).

Agony the Shield-Bearer (Minotaur Fighter)          Turns: 1268, Time: 00:06:03

Health: -2/33      AC:  7    Str: 22    XL:     3   Next: 25%
Magic:  2/2        EV:  9    Int:  5    God:
Gold:   119        SH:  4    Dex:  9    Spells: 2/2 levels left

rFire   . . .      SeeInvis .   a - +0 long sword
rCold   . . .      Faith    .   c - +0 buckler
rNeg    . . .      Spirit   .   b - +0 scale mail
rPois   .          Reflect  .   (helmet restricted)
rElec   .          Harm     .   (no cloak)
rCorr   .          Rampage  .   (no gloves)
Will    .....                   (no boots)
Stlth   ..........              (no amulet)
HPRegen 0.11/turn               (no ring)
MPRegen 0.08/turn               (no ring)

@: no status effects
A: horns 2, retaliatory headbutt
a: no special abilities


You were on level 2 of the Dungeon.
You visited 1 branch of the dungeon, and saw 2 of its levels.

You collected 119 gold pieces.

Inventory:

Hand Weapons
 a - a +0 long sword (weapon)
Armour
 b - a +0 scale mail (worn)
 c - a +0 buckler (worn)
 j - the +0 chain mail of Decompression {Fly rN+ Str+10 Int-5}
   (You found it on level 2 of the Dungeon)

   Str:       It affects your strength (+10).
   Int:       It affects your intelligence (-5).
   rN:        It protects you from negative energy.
   Fly:       It grants you flight.
Scrolls
 k - a scroll of enchant weapon {unknown}
Potions
 d - a potion of might
 e - 2 potions of mutation {unknown}
 f - a potion of flight {unknown}
 g - a potion of haste
 h - a potion of resistance {unknown}
 i - a potion of curing
 l - a potion of heal wounds {unknown}


   Skills:
 + Level 4.0 Fighting
 * Level 3.4 Long Blades
 + Level 4.0 Armour
 + Level 4.0 Shields


You had 2 spell levels left.
You didn't know any spells.
Your spell library was empty.

Dungeon Overview and Level Annotations

Branches:
Dungeon (2/15)

Altars:

Shops:
D:2 (

Annotations:
D:2 Crazy Yiuf


Innate Abilities, Weirdness & Mutations

You have a pair of horns on your head.
You reflexively headbutt those who attack you in melee.


Message History

The endoplasm closely misses you.
You hit the endoplasm.
You kill the endoplasm!
You start resting.
HP restored.
You now have 119 gold pieces (gained 12).
Things that are here:
a +0 short sword; a kobold corpse A frilled lizard comes into view.
You block the frilled lizard's attack.
You barely miss the frilled lizard.
The frilled lizard completely misses you.
You closely miss the frilled lizard. You block the frilled lizard's attack.
The frilled lizard bites you but does no damage.
You barely miss the frilled lizard. You block the frilled lizard's attack.
You hit the frilled lizard.
The frilled lizard is heavily wounded.
The frilled lizard bites you.
You hit the frilled lizard.
You kill the frilled lizard!
Found a mace.
Found a runed translucent door.
You open the door.
Crazy Yiuf drinks a potion.
Crazy Yiuf seems to speed up.
Crazy Yiuf hits you with a +3 quarterstaff of chaos.
There is an open translucent door here.
You completely miss Crazy Yiuf. Crazy Yiuf completely misses you.
Crazy Yiuf barely misses you. You furiously retaliate!
You headbutt Crazy Yiuf. You closely miss Crazy Yiuf.
Crazy Yiuf is moderately wounded.
Crazy Yiuf hits you with a +3 quarterstaff of chaos.
Crazy Yiuf freezes you.
Crazy Yiuf hits you with a +3 quarterstaff of chaos!
Crazy Yiuf burns you.
* * * LOW HITPOINT WARNING * * *
You barely miss Crazy Yiuf.
Crazy Yiuf is moderately wounded.
Crazy Yiuf hits you with a +3 quarterstaff of chaos!
* * * LOW HITPOINT WARNING * * *
Crazy Yiuf yells, "Ten light testudinal!"
Crazy Yiuf hits you with a +3 quarterstaff of chaos.
You die...

##..##
#.#...
#P.PP#
....
#.P.##
##.##
#.##
##.#
#.##
##.#
#@#
#.g.#
#...#
#..)#
#####


You could see Crazy Yiuf (fast).

Vanquished Creatures
  An adder (D:2)
  A dart slug (D:2)
  5 bats
  4 endoplasms
  3 giant cockroaches
  2 goblins
  A hobgoblin (D:2)
  2 kobolds
  A quokka (D:1)
  3 frilled lizards
  2 rats
25 creatures vanquished.

Notes
Turn   | Place    | Note
-------+----------+-------------------------------------------
     0 | D:1      | Agony the Minotaur Fighter began the quest for the Orb.
     0 | D:1      | Reached XP level 1. HP: 19/19 MP: 0/0
   384 | D:1      | Reached XP level 2. HP: 24/27 MP: 1/1
  1021 | D:2      | Reached XP level 3. HP: 33/33 MP: 2/2
  1065 | D:2      | Found Bauheumu's Antique Weapon Shoppe.
  1123 | D:2      | Identified the +0 chain mail of Decompression {Fly rN+
                  | Str+10 Int-5}
  1260 | D:2      | Found a runed translucent door.
  1261 | D:2      | Noticed Crazy Yiuf
  1268 | D:2      | HP: 1/33 [Crazy Yiuf/+3 quarterstaff of chaos (7)]
  1268 | D:2      | Slain by Crazy Yiuf

Illustrated notes

Levels and vault maps discovered:
D:1:      ebering_trefoil_twist, layout_basic, minmay_stone_trees_medium
D:2:      layout_loops_ring, ebering_ecumenical_altar_abandoned, serial_shops,
          nicolae_shop_advertising_works [nicolae_subvault_shop_adworks],
          uniq_terence, uniq_crazy_yiuf_cottage, uniq_jessica

Skill      XL: |  1  2  3 |
---------------+----------+-----
Long Blades    | 3 |  3.4
Shields        | 4 |  4.0
Fighting       | 4 |  4.0
Armour         | 4 |  4.0

Action                   || total
-------------------------++-------
Melee: Long sword        ||    73
       Headbutt          ||    11
  Use: Scroll            ||     3
Armor: Scale mail        ||    31
Dodge: Dodged            ||    30
Block: Buckler           ||    21

Table legend: (Time is in decaauts)
 A = Elapsed time spent in this place.
 B = Non-inter-level travel time spent in this place.
 C = Inter-level travel time spent in this place.
 D = Time resting spent in this place.
 E = Time spent auto-exploring this place.
 F = Levels seen in this place.
 G = Mean time per level.
                   A        B        C        D        E       F      G
               +--------+--------+--------+--------+--------+-----+--------+
         Total |   1288 |   1253 |     35 |    219 |    671 |   2 |  644.0 |
       Dungeon |   1288 |   1253 |     35 |    219 |    671 |   2 |  644.0 |
               +--------+--------+--------+--------+--------+-----+--------+

Top non-repeatable levels by time:
     D:1: 897 daAuts
     D:2: 390 daAuts
